 Dungeon Crawl Stone Soup version 0.26-a0-663-g36e8fdb655 (webtiles) character file.

Game seed: 10616943582623398291

101301 Lavandula the Frost Mage (level 15, 0/93 HPs)
             Began as a Demonspawn Ice Elementalist on Oct 11, 2020.
             Was a High Priest of Sif Muna.
             Slain by a shambling mangrove (9 damage)
             ... on level 1 of the Swamp on Oct 12, 2020.
             The game lasted 01:23:04 (23046 turns).

Lavandula the Frost Mage (DsIE)                    Turns: 23046, Time: 01:23:06

Health: 0/93       AC: 14    Str: 18    XL:     15   Next: 83%
Magic:  4/27       EV: 16    Int: 22    God:    Sif Muna [*****.]
Gold:   355        SH:  0    Dex: 19    Spells: 6/30 levels left

rFire    + . .     SeeInvis .   E - +9 great sword of the Tired Spreadsheets {protect, Str+5}
rCold    . . .     Faith    .   (shield currently unavailable)
rNeg     . . .     Spirit   .   A - +2 leather armour of Gallantry {rElec Str+3 Int-3}
rPois    .         Reflect  .   F - +0 helmet {Int+3}
rElec    +         Harm     .   V - +2 cloak
rCorr    .         Rampage  .   a - +0 pair of gloves
MR       +....                  (boots unavailable)
Stlth    ++........             I - amulet of regeneration
HPRegen  0.65/turn              o - +4 ring of slaying
MPRegen  0.20/turn              X - +6 ring of dexterity

@: about to teleport, grasped by roots, constricted
A: hooves 3, demonic guardian 2, fire resistance 1, flame cloud immunity, sharp
scales 2
a: Channel Magic, Forget Spell, Divine Exegesis, Renounce Religion


You were on level 1 of the Swamp.
You worshipped Sif Muna.
Sif Muna was extremely pleased with you.
You visited 6 branches of the dungeon, and saw 27 of its levels.
You also visited: Gauntlet.

You collected 2088 gold pieces.
You spent 1733 gold pieces at shops.

Inventory:

Hand Weapons
 E - the +9 great sword of the Tired Spreadsheets (weapon) {protect, Str+5}
   (You found it on level 5 of the Lair of Beasts)

   It grants its wielder temporary protection when it strikes (+7 to AC).
   It affects your strength (+5).
 L - a +3 scimitar of flaming
 M - a +2 vampiric spear
Missiles
 p - 26 javelins (quivered)
 t - 76 poisoned darts
 W - 2 throwing nets
Armour
 a - a +0 pair of gloves (worn)
 i - the +1 chain mail "Roumepp" {rPois rC+ rN+++ Int-2}
   (You took it off an orc warrior on level 6 of the Dungeon)

   It affects your intelligence (-2).
   It protects you from cold.
   It protects you from poison.
   It renders you almost immune to negative energy.
 A - the +2 leather armour of Gallantry (worn) {rElec Str+3 Int-3}
   (You found it on level 4 of the Dungeon)

   It affects your strength (+3).
   It affects your intelligence (-3).
   It insulates you from electricity.
 F - a +0 helmet of intelligence (worn)
 O - +2 pearl dragon scales
 R - a +1 helmet of see invisible
 V - a +2 cloak (worn)
Magical Staves
 u - an uncursed staff of cold
 N - an uncursed staff of poison
 U - an uncursed staff of air
Jewellery
 e - an uncursed ring of protection from fire
 o - a +4 ring of slaying (left hand)
 I - an amulet of regeneration (around neck)
 T - an uncursed ring of protection from magic
 X - a +6 ring of dexterity (right hand)
Wands
 k - a wand of disintegration (11)
 s - a wand of iceblast (12)
 D - a wand of polymorph (7)
 H - a wand of paralysis (11)
 Q - a wand of flame (48)
 S - a wand of acid (1)
Scrolls
 c - 7 scrolls of fog
 h - 4 scrolls of amnesia
 m - 9 scrolls of remove curse
 n - 3 scrolls of teleportation
 y - 2 scrolls of fear
 C - 4 scrolls of magic mapping
 J - 2 scrolls of summoning
 K - 4 scrolls of immolation
 P - 4 scrolls of enchant weapon
 Y - a scroll of silence
Potions
 b - 10 potions of ambrosia
 d - 2 potions of magic
 j - 5 potions of stabbing
 l - 5 potions of haste
 q - 8 potions of curing
 r - 2 potions of resistance
 v - 5 potions of flight
 w - 10 potions of cancellation
 z - 5 potions of mutation
 B - 4 potions of might
 G - 3 potions of berserk rage
 Z - 6 potions of brilliance
Miscellaneous
 g - a phantom mirror
 x - a box of beasts (3/3)


   Skills:
 - Level 1.6 Fighting
 - Level 11.2 Long Blades
 - Level 7.6 Polearms
 - Level 9.3 Armour
 - Level 9.3 Dodging
 - Level 1.7 Stealth
 - Level 8.1 Spellcasting
 - Level 5.2 Summonings
 + Level 1.3 Translocations
 - Level 13.8 Ice Magic
 - Level 10.4 Invocations
 - Level 6.2 Evocations


You had 6 spell levels left.
You knew the following spells:

 Your Spells              Type           Power        Failure   Level
a - Freeze                Ice            ####         1%          1
b - Frozen Ramparts       Ice            ######       1%          3
c - Ozocubu's Armour      Ice            ######..     1%          3
d - Summon Ice Beast      Ice/Summ       ######..     1%          4
e - Hailstorm             Conj/Ice       #####...     4%          4
f - Ozocubu's Refrigerat  Ice            ######....   4%          6
g - Apportation           Tloc           ###...       4%          1
h - Blink                 Tloc           N/A          7%          2

Your spell library contained the following spells:

 Spells                   Type           Power        Failure   Level
 Call Imp                 Summ           ####....     1%          2
 Ensorcelled Hibernation  Hex/Ice        #####.       1%          2
 Animate Skeleton         Necr           #.....       9%          1
 Magic Dart               Conj           #...         9%          1
 Pain                     Necr           #...         9%          1
 Sandblast                Erth           #.....       9%          1
 Summon Guardian Golem    Hex/Summ       ###.....     9%          3
 Passwall                 Tmut/Erth      #.......     13%         2
 Searing Ray              Conj           #.....       13%         2
 Slow                     Hex            #.......     13%         2
 Swiftness                Air            #.......     13%         2
 Metabolic Englaciation   Hex/Ice        #####.....   14%         5
 Portal Projectile        Hex/Tloc       ##....       19%         3
 Confusing Touch          Hex            #.......     26%         3
 Conjure Flame            Conj/Fire      #.......     26%         3
 Dazzling Flash           Conj/Hex       #.....       26%         3
 Mephitic Cloud           Conj/Pois/Air  #.......     26%         3
 Stone Arrow              Conj/Erth      #.....       26%         3
 Passage of Golubria      Tloc           N/A          43%         4
 Iskenderun's Mystic Bla  Conj/Tloc      ##......     54%         4
 Simulacrum               Ice/Necr       #####.....   58%         6
 Cause Fear               Hex            #.........   63%         4
 Dispel Undead            Necr           #.......     63%         4
 Fulminant Prism          Conj/Hex       #.........   63%         4
 Petrify                  Tmut/Erth      #.......     63%         4
 Bolt of Magma            Conj/Fire/Erth #.........   93%         5
 Iskenderun's Battlesphe  Conj           #.......     93%         5
 Lee's Rapid Deconstruct  Erth           #.........   93%         5
 Silence                  Hex/Air        #.........   93%         5
 Yara's Violent Unravell  Hex/Tmut       #.........   93%         5
 Invisibility             Hex            #.......     100%        6
 Iron Shot                Conj/Erth      #.........   100%        6
 Statue Form              Tmut/Erth      #........    100%        6
 Malign Gateway           Summ/Tloc      ###.......   100%        7
 Monstrous Menagerie      Summ           ####......   100%        7
 Orb of Destruction       Conj           #.........   100%        7
 Spellforged Servitor     Conj/Summ      ###.......   100%        7
 Summon Greater Demon     Summ           ####......   100%        7
 Chain Lightning          Conj/Air       #.........   100%        8
 Lehudib's Crystal Spear  Conj/Erth      #.........   100%        8
 Necromutation            Tmut/Necr      #.........   100%        8
 Absolute Zero            Ice            ######....   100%        9
 Fire Storm               Conj/Fire      #.........   100%        9


Dungeon Overview and Level Annotations

Branches:
Dungeon (15/15)            Temple (1/1) D:7            Lair (6/6) D:9
  Swamp (2/4) Lair:2       Spider (0/4) Lair:4        Slime (0/5) Lair:6
    Orc (2/2) D:9             Elf (0/3) Orc:2        Depths (1/5) D:15
Gauntlet (visited)
 Vaults: D:13-14

Altars:
Cheibriados
Dithmenos
Elyvilon
Fedhas
Gozag
Hepliaklqana
Kikubaaqudgha
Makhleb
Nemelex Xobeh
Okawaru
Qazlal
Ru
Sif Muna
Trog
Uskayaw
Vehumet
Wu Jian
Xom
Yredelemnul
Zin
The Shining One
Beogh
Jiyva

Shops:
D:7 ![   D:12 *   Orc:2 (!(?   Depths:1 *

Portals:
Trove: D:15 (give +3 storm dragon scales)

Annotations:
D:3 exclusion: orc priest
Lair:2 exclusion: 3 oklob plants
Lair:5 3 runed translucent doors, Asieq's ghost, journeyman DsCK
Lair:6 1 runed translucent door


Innate Abilities, Weirdness & Mutations

You have hooves in place of feet.
A demonic guardian rushes to your aid.
Your flesh is heat resistant. (rF+)
You are immune to clouds of flame.
You are mostly covered in razor-sharp scales. (AC +2, Slay +2)


Message History

The alligator slows down.
The alligator bites your soul eater but does no damage.
The alligator tail-slaps your soul eater but does no damage.
The swamp drake breathes noxious fumes at you.
The noxious blast misses you.
Your soul eater hits the alligator but does no damage.
Okay, then.
As you read the scroll of teleportation, it crumbles to dust.
You feel strangely unstable.
You are engulfed in noxious fumes.
The alligator closely misses your soul eater.
The alligator tail-slaps your soul eater but does no damage.
Your soul eater hits the alligator!!
Unknown command.
You feel better.
You are engulfed in noxious fumes.
* * * LOW HITPOINT WARNING * * *
The swamp drake bites you!
* * * LOW HITPOINT WARNING * * *
Roots burst forth from the earth!
The grasping roots grab you!
You die...

♣ ♣♣... .≈≈≈≈≈≈≈≈≈≈≈≈≈.
♣♣♣≈≈♣ ♣..≈≈≈...≈..≈.§
....≈♣ ≈≈♣.[..t°≈≈(..♣
.≈≈≈.♣♣♣ ♣♣..≈..°≈≈≈....
.≈≈≈...♣♣♣♣♣♣
♣...≈≈♣.≈≈≈≈♣♣♣
.....(..≈..≈♣ ♣.≈≈≈.≈♣≈≈..♣
≈.♣♣..≈≈.≈≈≈♣ ♣≈≈t3≈.♣♣♣♣♣♣
≈.≈♣...≈.≈≈≈♣ ♣°k°f≈≈≈♣
...♣♣.≈..≈≈≈♣♣♣♣@°≈≈.♣♣
..♣♣♣≈....≈≈≈♣♣°°°°.♣♣♣♣
.≈♣♣≈≈≈.≈≈≈≈≈≈♣.°°°♣♣♣≈♣
.....♣≈.≈≈≈≈≈≈≈≈.≈≈....♣♣
..≈≈...≈≈≈≈≈≈≈.♣≈...^..≈♣
.≈≈≈≈.≈≈≈≈≈≈≈..>†≈......≈≈..
..≈≈≈≈≈≈≈≈≈≈≈.≈...≈..≈≈≈≈≈..
♣..≈...≈≈≈≈≈≈≈≈≈..♣≈...≈≈≈..
♣......<÷≈≈≈≈≈≈≈.♣♣♣♣♣.≈≈.≈.


You could see a shambling mangrove, 2 alligators, a swamp drake (catching
breath) and a friendly soul eater (summoned).

Vanquished Creatures
  Frances (D:13)
  Kirke (D:13)
  A dire elephant (Lair:6)
  Azrael (D:13)
  A minotaur (Gauntlet)
  A fire dragon (D:15)
  Josephine (D:15)
  3 ogre magi
  7 hydras
  5 boulder beetles
  A catoblepas (D:14)
  A centaur warrior (D:15)
  A shambling mangrove (Swamp:2)
  2 alligators (Swamp:1)
  3 death knights (D:15)
  6 death yaks (Lair:6)
  5 two-headed ogres
  2 skeletal warriors
  4 unseen horrors
  2 deep trolls (Orc:2)
  2 phantasmal warriors (D:15)
  3 orc knights
  A harpy (Lair:6)
  2 deep elf magi
  The ghost of Djamper the Chiller, a novice DrIE of Hepliaklqana (D:6)
  8 cyclopes
  A salamander (D:15)
  4 ugly things
  3 manticores
  6 black mambas
  8 elephants
  An eye of devastation (shapeshifter) (D:15)
  6 centaur skeletons
  11 cane toads
  A torpor snail (Lair:6)
  2 yaktaurs (D:14)
  5 komodo dragons
  3 rime drakes
  A freezing wraith (D:14)
  A jumping spider (Lair:4)
  A kobold demonologist (D:12)
  3 meliai (D:14)
  7 polar bears
  13 trolls
  2 tyrant leeches
  3 bog bodies
  8 hornets
  7 dream sheep (Lair:4)
  3 blink frogs (Lair:4)
  A centaur simulacrum (D:11)
  2 shadows
  37 yaks
  7 wyverns
  4 wraiths
  A hog (D:13)
  9 basilisks
  3 fire elementals (D:13)
  10 vampire mosquitoes
  Grum (D:9)
  4 insubstantial wisps
  3 acid dragons
  2 swamp worms (Lair:2)
  2 wargs
  4 soldier ants
  9 water moccasins
  A hell hound (D:13)
  A floating eye (Lair:2)
  A swamp drake (Swamp:1)
  23 orc warriors
  An eye of draining (D:14)
  4 black bears
  14 ice beasts
  3 sky beasts
  2 phantoms
  31 ogres
  26 wolves
  9 centaurs
  8 big kobolds
  2 nameless horrors
  17 bullfrogs
  3 gnoll sergeants (D:9)
  A scorpion (D:12)
  A water moccasin zombie (D:9)
  2 electric eels (D:11)
  24 wights
  6 centaur zombies
  6 howler monkeys
  A bullfrog zombie (D:12)
  A jelly (D:9)
  8 hounds
  21 orc priests
  23 orc wizards
  3 gnoll shamans
  6 iguanas
  11 worker ants
  2 killer bee zombies (D:6)
  A hound zombie (D:11)
  A howler monkey zombie (D:5)
  6 adders
  23 gnolls
  A hound simulacrum (D:11)
  A shadow imp (D:8)
  10 white imps
  An ufetubus (D:8)
  An ooze (D:4)
  A worm (D:4)
  A dart slug (D:2)
  6 leopard geckos
  89 orcs
  2 ball pythons (D:1)
  2 giant cockroaches (D:1)
  A goblin (D:3)
  8 hobgoblins
  10 jackals
  41 kobolds
  2 quokkas
  A ball python skeleton (D:4)
  5 bats
  10 frilled lizards
  2 gnoll zombies (D:6)
  A leopard gecko zombie (D:5)
  3 rats
757 creatures vanquished.

Vanquished Creatures (collateral kills)
  3 hydras
  A centaur warrior (D:14)
  A merfolk avatar (Lair:6)
  A catoblepas (Lair:6)
  5 two-headed ogres
  A skeletal warrior (D:15)
  A manticore (Lair:6)
  2 elephants (Lair:6)
  A cane toad (Lair:2)
  2 komodo dragons
  A yaktaur (D:14)
  A polar bear (Lair:2)
  2 wraiths (D:15)
  An insubstantial wisp (Lair:2)
  3 orc warriors
  An ice beast (D:6)
  2 eyes of draining (D:6)
  4 ogres
  A wolf (Lair:5)
  An electric eel (Lair:1)
  An orc priest (D:14)
  A jelly (D:8)
  An orc wizard (D:5)
  An iguana (Lair:2)
  An adder (D:9)
  An orc (Orc:2)
  A frilled lizard (D:7)
42 creatures vanquished.

Vanquished Creatures (others)
  A human (D:13)
  A swamp worm (Swamp:1)
  3 blocks of ice
  18 fungi
  43 plants
66 creatures vanquished.

Grand Total: 865 creatures vanquished

Notes
Turn   | Place    | Note
-------+----------+-------------------------------------------
     0 | D:1      | Lavandula the Demonspawn Ice Elementalist began the quest
                  | for the Orb.
     0 | D:1      | Reached XP level 1. HP: 13/13 MP: 3/3
   269 | D:1      | Gained mutation: Your flesh is heat resistant. (rF+)
                  | [demonic ancestry]
   269 | D:1      | Reached XP level 2. HP: 19/19 MP: 1/5
   851 | D:2      | Gained mutation: You are partially covered in razor-sharp
                  | scales. (AC +1, Slay +1) [demonic ancestry]
   851 | D:2      | Reached XP level 3. HP: 22/24 MP: 3/7
   859 | D:2      | Learned a level 3 spell: Frozen Ramparts
  1103 | D:2      | Found an opulent altar of Gozag.
  1246 | D:2      | Found a glowing silver altar of Zin.
  1246 | D:2      | Found a snail-covered altar of Cheibriados.
  1249 | D:2      | Found a stormy altar of Qazlal.
  1862 | D:3      | Reached XP level 4. HP: 30/30 MP: 6/10
  1878 | D:3      | Reached skill level 4 in Ice Magic
  2225 | D:4      | Found a glowing golden altar of the Shining One.
  2397 | D:4      | Gained mutation: A weak demonic guardian rushes to your
                  | aid. [demonic ancestry]
  2397 | D:4      | Reached XP level 5. HP: 35/35 MP: 4/11
  2622 | D:4      | Got a bloodstained leather armour
  2764 | D:5      | Entered Level 5 of the Dungeon
  2765 | D:5      | Noticed a centaur
  2889 | D:4      | Reached skill level 5 in Ice Magic
  2905 | D:4      | Learned a level 3 spell: Ozocubu's Armour
  3341 | D:5      | Gained mutation: You are mostly covered in razor-sharp
                  | scales. (AC +2, Slay +2) [demonic ancestry]
  3341 | D:5      | Reached XP level 6. HP: 25/41 MP: 8/12
  3534 | D:5      | Identified the +2 leather armour of Gallantry {rElec Str+3
                  | Int-3} (You found it on level 4 of the Dungeon)
  3892 | D:6      | Reached skill level 6 in Ice Magic
  3903 | D:6      | Noticed a sky beast
  3912 | D:6      | Killed a sky beast
  3978 | D:6      | Gained mutation: You have large cloven feet. [demonic
                  | ancestry]
  3978 | D:6      | Reached XP level 7. HP: 41/46 MP: 9/13
  3985 | D:6      | Reached skill level 7 in Ice Magic
  4319 | D:6      | Found a basalt altar of Yredelemnul.
  4361 | D:6      | Found a bloodstained altar of Trog.
  4361 | D:6      | Found a shimmering altar of Xom.
  4367 | D:6      | Reached skill level 8 in Ice Magic
  4383 | D:6      | Reached XP level 8. HP: 52/52 MP: 1/14
  4514 | D:6      | Reached skill level 9 in Ice Magic
  4611 | D:6      | Reached skill level 1 in Polearms
  4790 | D:6      | Found a runed translucent gate.
  4790 | D:6      | Noticed Djamper's ghost (novice DrIE)
  4791 | D:6      | Found a runed translucent gate.
  4791 | D:6      | Identified the +4 dire flail "Gebad" {antimagic, rN+ MR-
                  | Dex+6 Stlth+}
  4791 | D:6      | Identified the cursed +1 chain mail "Roumepp" {rPois rC+
                  | rN+++ Int-2}
  4792 | D:6      | Found a runed translucent gate.
  4794 | D:6      | Found a roughly hewn altar of Beogh.
  4805 | D:6      | Learned a level 4 spell: Summon Ice Beast
  4827 | D:6      | Killed Djamper's ghost
  4828 | D:6      | Gained mutation: You have hoof-like feet. [demonic
                  | ancestry]
  4828 | D:6      | Reached XP level 9. HP: 48/57 MP: 7/15
  4838 | D:6      | Reached skill level 5 in Summonings
  5210 | D:6      | Found a shimmering altar of Xom.
  5211 | D:6      | You fall into a shaft and drop 1 floor!
  5215 | D:7      | Found a staircase to the Ecumenical Temple.
  5247 | Temple   | Entered the Ecumenical Temple
  5408 | Temple   | Became a worshipper of Sif Muna the Loreminder
  5446 | D:7      | Found Jink's Antique Armour Emporium.
  5535 | D:7      | Reached skill level 5 in Spellcasting
  5667 | D:7      | Found Sure's Distillery.
  5673 | D:7      | Bought a potion of heal wounds for 60 gold pieces
  5673 | D:7      | Bought a potion of haste for 120 gold pieces
  5884 | D:7      | Bought a pair of glowing boots for 142 gold pieces
  6073 | D:7      | Noticed a komodo dragon
  6082 | D:7      | Reached * piety under Sif Muna
  6082 | D:7      | Killed a komodo dragon
  6325 | D:8      | Learned a level 4 spell: Hailstorm
  7347 | D:8      | Reached XP level 10. HP: 63/63 MP: 21/21
  7879 | D:9      | Reached ** piety under Sif Muna
  8056 | D:9      | Found a staircase to the Orcish Mines.
  8059 | D:9      | Reached skill level 5 in Dodging
  8320 | D:9      | Noticed Grum
  8329 | D:9      | Killed Grum
  8402 | D:9      | Found a hide-covered altar of Uskayaw.
  8559 | D:9      | Found a staircase to the Lair.
  8733 | Lair:1   | Entered Level 1 of the Lair of Beasts
  8739 | Lair:1   | Reached *** piety under Sif Muna
  8802 | Lair:1   | Gained mutation: You have hooves in place of feet. [demonic
                  | ancestry]
  8802 | Lair:1   | Reached XP level 11. HP: 68/68 MP: 15/22
  9030 | Lair:1   | Reached skill level 1 in Fighting
  9087 | Lair:2   | Noticed an oklob plant
  9111 | Lair:2   | Reached skill level 1 in Armour
  9154 | Lair:2   | Found a snail-covered altar of Cheibriados.
  9154 | Lair:2   | Found a gate leading to a gauntlet.
  9163 | Gauntlet | Entered a Gauntlet
  9163 | Gauntlet | Found a transporter.
  9163 | Gauntlet | Found a transporter.
  9165 | Gauntlet | Found a transporter.
  9166 | Gauntlet | Noticed a sixfirhy
  9168 | Gauntlet | Found a transporter.
  9185 | Gauntlet | Found a transporter.
  9193 | Gauntlet | Found a transporter.
  9193 | Gauntlet | Noticed a necromancer
  9197 | Gauntlet | Found a transporter.
  9200 | Gauntlet | Noticed a large abomination
  9205 | Gauntlet | Found a transporter.
  9218 | Gauntlet | Noticed an orange crystal statue
  9221 | Gauntlet | Found a transporter.
  9235 | Gauntlet | Found a transporter.
  9239 | Gauntlet | Found a transporter.
  9251 | Gauntlet | Found a transporter.
  9315 | Gauntlet | Got a faintly glowing bone amulet
  9325 | Gauntlet | Identified the amulet of the Voivode {Inacc Str+4} (You
                  | found it in a Gauntlet)
  9455 | Gauntlet | Noticed a minotaur
  9497 | Gauntlet | Killed a minotaur
  9543 | Gauntlet | Got a fabulously ornate robe
  9544 | Gauntlet | Identified the +1 robe of the Fisher {Stlth+} (You found it
                  | in a Gauntlet)
  9718 | Lair:3   | Noticed a five-headed hydra
  9729 | Lair:3   | Killed a five-headed hydra
  9729 | Lair:3   | Reached skill level 5 in Armour
  9963 | Lair:2   | Noticed an oklob plant
 10405 | Lair:4   | Reached **** piety under Sif Muna
 10461 | Lair:3   | Reached XP level 12. HP: 75/77 MP: 23/23
 10528 | Lair:4   | Reached skill level 5 in Polearms
 10685 | Lair:4   | Found a hole to the Spider Nest.
 11071 | Lair:6   | Entered Level 6 of the Lair of Beasts
 11158 | Lair:6   | Reached skill level 1 in Invocations
 11311 | Lair:6   | Reached skill level 5 in Invocations
 11341 | Lair:6   | Noticed a five-headed hydra
 11358 | Lair:6   | Killed a five-headed hydra
 11376 | Lair:6   | Noticed a boulder beetle
 11433 | Lair:6   | Killed a boulder beetle
 11655 | Lair:6   | Noticed a dire elephant
 11694 | Lair:6   | Noticed a dire elephant
 11845 | Lair:5   | Gained mutation: You are immune to clouds of flame.
                  | [demonic ancestry]
 11845 | Lair:5   | Reached XP level 13. HP: 82/82 MP: 18/24
 11947 | Lair:5   | Reached skill level 10 in Invocations
 12183 | Lair:5   | Found a runed translucent gate.
 12183 | Lair:5   | Found a runed translucent gate.
 12183 | Lair:5   | Found a runed translucent gate.
 12258 | Lair:5   | Noticed Asieq's ghost (journeyman DsCK)
 12786 | Lair:5   | Got a glimmering great sword
 12787 | Lair:5   | Identified the +9 great sword of the Tired Spreadsheets
                  | {protect, Str+5} (You found it on level 5 of the Lair of
                  | Beasts)
 12893 | Lair:5   | Reached skill level 1 in Long Blades
 13081 | Lair:6   | Killed a dire elephant
 13239 | Lair:6   | Reached ***** piety under Sif Muna
 13400 | Lair:6   | Found a runed translucent door.
 13401 | Lair:6   | Found a viscous altar of Jiyva.
 13401 | Lair:6   | Noticed an acid blob
 13402 | Lair:6   | Noticed an acid blob
 13403 | Lair:6   | Found a staircase to the Slime Pits.
 13414 | Lair:6   | Noticed an acid blob
 13445 | Lair:6   | Reached skill level 5 in Long Blades
 13445 | Lair:6   | Identified Sif Muna's Almanac of the Mountains and Evil
                  | Rites (Sif Muna gifted it to you on level 6 of the Lair of
                  | Beasts)
 13445 | Lair:6   | Received a gift from Sif Muna
 13735 | Orc:1    | Entered Level 1 of the Orcish Mines
 13929 | Orc:1    | Found a bloodstained altar of Trog.
 14062 | Orc:2    | Entered Level 2 of the Orcish Mines
 14420 | Orc:2    | Found a staircase to the Elven Halls.
 14703 | Orc:2    | Identified Sif Muna's Guide on the Captivating Snowflakes
                  | (Sif Muna gifted it to you on level 2 of the Orcish Mines)
 14703 | Orc:2    | Received a gift from Sif Muna
 14756 | Orc:2    | Found Buseida's Weapon Boutique.
 14912 | Orc:2    | Reached XP level 14. HP: 80/88 MP: 4/25
 15060 | Orc:2    | Reached skill level 10 in Long Blades
 15497 | Orc:2    | Found Faun's Weapon Emporium.
 15591 | Orc:2    | Found Lolez's Magic Scroll Shop.
 15592 | Orc:2    | Found Tiniet's Distillery.
 15600 | Orc:2    | Bought a potion of brilliance for 52 gold pieces
 15600 | Orc:2    | Bought a potion of cancellation for 104 gold pieces
 15600 | Orc:2    | Bought 2 potions of mutation for 208 gold pieces
 15600 | Orc:2    | Bought a potion of might for 52 gold pieces
 15605 | Orc:2    | Bought a scroll of magic mapping for 49 gold pieces
 15605 | Orc:2    | Bought a scroll of fog for 28 gold pieces
 15605 | Orc:2    | Bought a scroll of immolation for 49 gold pieces
 15605 | Orc:2    | Bought a scroll of immolation for 49 gold pieces
 15605 | Orc:2    | Bought a scroll of magic mapping for 49 gold pieces
 15605 | Orc:2    | Bought a scroll of magic mapping for 49 gold pieces
 15605 | Orc:2    | Bought a scroll of fear for 49 gold pieces
 15764 | Orc:2    | Bought a potion of curing for 39 gold pieces
 15764 | Orc:2    | Bought a potion of curing for 39 gold pieces
 15764 | Orc:2    | Bought 2 potions of stabbing for 104 gold pieces
 15764 | Orc:2    | Bought a potion of curing for 39 gold pieces
 15764 | Orc:2    | Bought a potion of curing for 39 gold pieces
 15908 | D:7      | Bought a potion of heal wounds for 60 gold pieces
 15908 | D:7      | Bought a potion of might for 48 gold pieces
 15908 | D:7      | Bought a potion of cancellation for 96 gold pieces
 15908 | D:7      | Bought a potion of mutation for 96 gold pieces
 16336 | Lair:2   | Found a staircase to the Swamp.
 16400 | Swamp:1  | Entered Level 1 of the Swamp
 16442 | Lair:2   | Reached skill level 10 in Ice Magic
 16691 | Lair:2   | Paralysed by a floating eye for 4 turns
 17148 | D:10     | Entered Level 10 of the Dungeon
 17387 | D:10     | Received a gift from Sif Muna
 17651 | D:11     | Identified the cursed +0 leather armour "Ucvathry" {MP+9
                  | Stlth+}
 17849 | D:11     | Reached skill level 11 in Ice Magic
 18133 | D:11     | Identified Sif Muna's Disquisition on Curses (Sif Muna
                  | gifted it to you on level 11 of the Dungeon)
 18133 | D:11     | Received a gift from Sif Muna
 18199 | D:11     | Learned a level 6 spell: Ozocubu's Refrigeration
 18711 | D:12     | Found Jijic's Assorted Antiques.
 18720 | D:12     | Bought a scroll of fog for 78 gold pieces
 18720 | D:12     | Bought a pink potion for 35 gold pieces
 18972 | D:12     | Reached skill level 12 in Ice Magic
 19306 | D:12     | Paralysed by a hornet for 1 turns
 19598 | D:13     | Noticed Frances
 19611 | D:13     | Killed Frances
 19666 | D:13     | Noticed Azrael
 19681 | D:13     | Killed Azrael
 19686 | D:13     | Noticed Kirke
 19694 | D:13     | Killed Kirke
 19694 | D:13     | Gained mutation: A demonic guardian rushes to your aid.
                  | [demonic ancestry]
 19694 | D:13     | Reached XP level 15. HP: 84/93 MP: 16/26
 19972 | D:13     | Reached skill level 13 in Ice Magic
 20044 | D:14     | Identified Awul Uppebb's Grimoire of Supportive
                  | Translocation (Sif Muna gifted it to you on level 14 of the
                  | Dungeon)
 20044 | D:14     | Received a gift from Sif Muna
 20053 | D:14     | Learned a level 1 spell: Apportation
 20748 | D:14     | Learned a level 2 spell: Blink
 21100 | D:15     | Entered Level 15 of the Dungeon
 21253 | D:15     | Found a staircase to the Depths.
 21326 | Depths:1 | Entered Level 1 of the Depths
 21427 | Depths:1 | Found Semer's Assorted Antiques.
 21460 | Depths:1 | HP: 4/93 [spriggan air mage/the air (22)]
 21805 | D:15     | Reached skill level 1 in Evocations
 21838 | D:15     | Noticed Josephine
 21855 | D:15     | Killed Josephine
 21887 | D:15     | Found a portal to a secret trove of treasure.
 22475 | D:15     | Reached skill level 5 in Evocations
 23011 | Swamp:2  | Identified Sif Muna's Reference Book on Companions and Ice
                  | (Sif Muna gifted it to you on level 2 of the Swamp)
 23011 | Swamp:2  | Received a gift from Sif Muna
 23018 | Swamp:2  | Reached skill level 1 in Translocations
 23046 | Swamp:1  | Slain by a shambling mangrove

Illustrated notes

Levels and vault maps discovered:
D:1:      lemuel_arrival_room, layout_loops_ring
D:2:      layout_rooms, grunt_temple_overflow_open
D:3:      layout_basic
D:4:      layout_basic, tso_metal_star, chequers_serial_rivers_room_b
D:5:      layout_basic, kennysheep_generic_room_4
D:6:      layout_loops_ring, trog_eyes_of_draining, tgw_xom,
          lemuel_zombie_altar_yredelemnul, biasface_ghost_orc_armoury,
          basic_altar
D:7:      layout_loops_ring, temple_pool_b, serial_shops, nicolae_shop_stone,
          shop, nrook_mini_backslash, minmay_lizard_king
D:8:      layout_basic
D:9:      layout_basic, overflow_temple_1_default, david_lair_generic,
          kennysheep_orc_monster_closet_entryway, uniq_grum
D:10:     layout_basic, serial_rivers, chequers_serial_rivers_room_a,
          chequers_serial_rivers_large_a, chequers_serial_rivers_micro_a,
          chequers_serial_rivers_micro_e, chequers_serial_rivers_micro_b,
          chequers_serial_rivers_small_b, uniq_fannar, uniq_erica
D:11:     layout_basic, serial_ice, serial_ice_c, serial_ice_f, serial_ice_l,
          serial_ice_a, serial_ice_g, serial_ice_h, serial_ice_n, serial_ice_b,
          serial_ice_d, serial_ice_o, minivault_16
D:12:     layout_irregular_city, serial_shops, shop
D:13:     layout_loops_ring, uniq_azrael, uniq_frances, uniq_kirke
D:14:     layout_irregular_city, hangedman_vaults_entry_quadrant_bands,
          hangedman_decor_growths
D:15:     hangedman_depths_entry_try_elsewhere_first, layout_loops_corners,
          nicolae_trove_entry_free_sample, nrook_pool_corridor, uniq_josephine
Temple:   nicolae_temple_figure_eight
Lair:1:   layout_misc_corridors, infiniplex_staircase_pool, grunt_megastairs_2,
          minmay_lair_oklob_chamber
Lair:2:   layout_chaotic_city, palyth_hydra_swamp_entry, basic_altar,
          gauntlet_entry_generic, grunt_forest_stairs_basic,
          grunt_forest_small_clearings, chequers_serial_rivers_micro_c,
          disabler_island, serial_bayou_shore_b, serial_bayou_shore_b
Lair:3:   layout_chaotic_city, serial_bayou_shore_b
Lair:4:   layout_long_grid, spider_nest_entry_a, st_stairs_12,
          chequers_serial_rivers_micro_a, lemuel_fruit_fields
Lair:5:   layout_cave_pods, ebering_ghost_rock_garden
Lair:6:   gammafunk_lair_ancient_temple, layout_big_grid, slime_altar_2
Swamp:1:  layout_basic_swamp, hangedman_swamp_lotus
Swamp:2:  layout_falls_marsh, evilmike_swamp_ruin_wall
Orc:1:    layout_caves, basic_altar
Orc:2:    st_orc_open, layout_caves
Depths:1: layout_roguey, hellmouth_1, serial_shops, shop_fountains,
          serial_bayou_ford_a, evilmike_minifort

Skill      XL: |  1  2  3  4  5  6  7  8  9 10 11 12 13 14 15 |
---------------+----------------------------------------------+-----
Spellcasting   | 3 4 7 8 |  8.1
Ice Magic      | 4 5 6 8 9 12 13 | 13.8
Polearms       | 3 7 |  7.6
Summonings     | 4 5 |  5.2
Dodging        | 2 8 9 |  9.3
Fighting       | 1 |  1.6
Armour         | 8 9 |  9.3
Invocations    | 9 10 | 10.4
Long Blades    | 9 11 | 11.2
Evocations     | 6 |  6.2
Translocations | 1 |  1.3
Stealth        | |  1.7

Action                   |  1- 3 |  4- 6 |  7- 9 | 10-12 | 13-15 || total
-------------------------+-------+-------+-------+-------+-------++-------
Melee: Spear             |    60 |    58 |   236 |   387 |    18 ||   759
       Kick              |       |       |    18 |    66 |   303 ||   387
       Halberd           |       |       |       |     9 |       ||     9
       Great sword       |       |       |       |       |   749 ||   749
       Scimitar          |       |       |       |       |     7 ||     7
Throw: Dart              |       |       |       |     2 |       ||     2
       Javelin           |       |       |       |       |     7 ||     7
 Cast: Freeze            |    37 |    14 |     4 |     1 |       ||    56
       Frozen Ramparts   |     1 |     8 |    23 |    43 |    57 ||   132
       Ozocubu's Armour  |       |       |    14 |    36 |    73 ||   123
       Summon Ice Beast  |       |       |     2 |     9 |    48 ||    59
       Hailstorm         |       |       |       |     3 |       ||     3
       Ozocubu's Refrige |       |       |       |       |     8 ||     8
       Absolute Zero     |       |       |       |       |     3 ||     3
       Blink             |       |       |       |       |     6 ||     6
Invok: Divine Exegesis   |       |       |       |       |     3 ||     3
Evoke: Wand              |       |       |       |     2 |     7 ||     9
       Phial of floods   |       |       |       |     1 |       ||     1
  Use: Scroll            |     1 |     3 |     5 |    10 |    23 ||    42
       Potion            |       |       |       |     8 |     3 ||    11
 Stab: Sleeping          |     7 |     4 |     3 |     1 |       ||    15
       Distracted        |     1 |       |       |     6 |     3 ||    10
Armor: Robe              |    17 |     7 |       |       |       ||    24
       Leather armour    |       |     2 |    55 |    28 |     9 ||    94
       Pearl dragon scal |       |       |       |   160 |   542 ||   702
       Skin              |       |       |       |    12 |       ||    12
       Chain mail        |       |       |       |       |    27 ||    27
Dodge: Dodged            |    41 |    24 |    96 |   275 |   642 ||  1078
       Rpst.: Great sword |       |       |       |       |   146 ||   146
       Scimitar          |       |       |       |       |     1 ||     1

Table legend: (Time is in decaauts)
 A = Elapsed time spent in this place.
 B = Non-inter-level travel time spent in this place.
 C = Inter-level travel time spent in this place.
 D = Time resting spent in this place.
 E = Time spent auto-exploring this place.
 F = Levels seen in this place.
 G = Mean time per level.
                   A        B        C        D        E       F      G
               +--------+--------+--------+--------+--------+-----+--------+
         Total |  23274 |  21500 |   1774 |   2446 |  13019 |  28 |  831.2 |
       Dungeon |  14756 |  13942 |    814 |   1388 |   9435 |  15 |  983.7 |
        Temple |    179 |    161 |     18 |      0 |    153 |   1 |  179.0 |
          Lair |   5399 |   4581 |    818 |    527 |   2287 |   6 |  899.8 |
         Swamp |    274 |    249 |     25 |     31 |     26 |   2 |  137.0 |
  Orcish Mines |   2134 |   2037 |     97 |    306 |   1117 |   2 | 1067.0 |
        Depths |    134 |    134 |      0 |     73 |      0 |   1 |  134.0 |
      Gauntlet |    393 |    393 |      0 |    120 |      0 |   1 |  393.0 |
               +--------+--------+--------+--------+--------+-----+--------+

Top non-repeatable levels by time:
     D:9: 1641 daAuts
     D:8: 1523 daAuts
   Orc:2: 1522 daAuts
  Lair:5: 1392 daAuts
     D:6: 1351 daAuts
    D:15: 1309 daAuts
  Lair:6: 1254 daAuts
    D:11: 1200 daAuts
  Lair:2: 1177 daAuts
    D:14: 1174 daAuts
     D:4: 976 daAuts
     D:3: 896 daAuts
  Lair:4: 830 daAuts
     D:7: 825 daAuts
     D:1: 794 daAuts
